 Dungeon Crawl Stone Soup version 0.26-a0-112-g824cf5ae89 (webtiles) character file.

Game seed: 5859189993859563299

893 Error4North the Chopper (level 8, -8/69 HPs)
             Began as a Hill Orc Fighter on June 23, 2020.
             Mangled by an orc warrior
             ... wielding a +0 battleaxe
              (14 damage)
             ... on level 6 of the Dungeon on June 24, 2020.
             The game lasted 00:13:54 (4038 turns).

Error4North the Chopper (Hill Orc Fighter)          Turns: 4038, Time: 00:13:55

Health: -8/69      AC: 15    Str: 20    XL:     8   Next: 6%
Magic:  8/8        EV:  3    Int:  8    God:
Gold:   176        SH:  0    Dex: 11    Spells: 7/7 levels left

rFire    . . .     SeeInvis +   a - +0 war axe
rCold    . . .     Faith    .   (no shield)
rNeg     . . .     Spirit   .   C - +0 plate armour
rPois    .         Reflect  +   (no helmet)
rElec    .         Harm     .   (no cloak)
rCorr    .                      A - +0 pair of gloves
MR       .....                  x - +0 pair of boots
Stlth    ..........             o - amulet of reflection
HPRegen  0.21/turn              j - ring of stealth
MPRegen  0.11/turn              r - ring of see invisible

@: flying, held
A: no striking features
a: no special abilities


You were on level 6 of the Dungeon.
You were not hungry.

You visited 1 branch of the dungeon, and saw 6 of its levels.

You collected 176 gold pieces.

Inventory:

Hand Weapons
 a - a +0 war axe (weapon)
 B - a +1 battleaxe of flaming
Armour
 c - a +0 kite shield
 x - a +0 pair of boots (worn)
 A - a +0 pair of gloves (worn)
 C - a +0 plate armour (worn)
Jewellery
 j - a ring of stealth (left hand)
 o - an amulet of reflection (around neck)
 r - a ring of see invisible (right hand)
Wands
 y - a wand of random effects (12)
Scrolls
 b - 3 scrolls of teleportation {unknown}
 e - 3 scrolls of identify {unknown}
 g - 3 scrolls of remove curse
 h - 2 scrolls of enchant armour {unknown}
 i - a scroll of enchant weapon {unknown}
 k - 2 scrolls of fog {unknown}
 l - a scroll of amnesia {unknown}
 m - 3 scrolls of magic mapping {unknown}
 u - 4 scrolls of random uselessness {unknown}
Potions
 d - a potion of might
 n - 2 potions of flight
 p - a potion of heal wounds {unknown}
 q - a potion of cancellation {unknown}
 s - a potion of invisibility {unknown}
 v - 2 potions of ambrosia {unknown}
 w - 2 potions of lignification {unknown}
Comestibles
 f - 8 rations
 z - 6 chunks of flesh


   Skills:
 * Level 5.5 Fighting
 + Level 7.2 Axes
 * Level 5.5 Armour
 + Level 0.8 Dodging
 * Level 5.9 Shields


You had 7 spell levels left.
You didn't know any spells.
Your spell library was empty.

Dungeon Overview and Level Annotations

Branches:
Dungeon (6/15)
 Temple: D:4-7

Altars:
Dithmenos
Hepliaklqana
Makhleb
Ru
Trog
Vehumet
Yredelemnul
The Shining One

Shops:
D:5 ?(


Message History

The gnoll hits you from afar with a +1 spear of pain.
You writhe in agony.
It was a potion of flight.
You feel very buoyant.
You fly up into the air.
The gnoll closely misses you.
The orc warrior hits you but does no damage.
Okay, then.
Okay, then.
Your +1 battleaxe of flaming stops flaming.
a - a +0 war axe (weapon)
The gnoll throws a throwing net.
The throwing net hits you.
You become entangled in the net!
The orc warrior hits you with a +0 battleaxe!
* * * LOW HITPOINT WARNING * * *
Okay, then.
Keep equipping yourself?
You start putting on your armour.
You continue putting on your +0 kite shield.
The orc warrior hits you with a +0 battleaxe!
You die...

....# #..........#
....###########..........#
..[.'........[........####
....#########)........#
##### #)........#
#.).......# # #.........#
....####.........#
..#.......o@.....#
.....####g.......#
.###..hll......#.#
#.#.######### ..l ....l
#.##.. #. #.# . ..


You could see an orc warrior, an iguana, a gnoll, a leopard gecko and a jackal.

Vanquished Creatures
  An orc warrior (D:6)
  3 ogres
  A centaur (D:5)
  A scorpion (D:3)
  A howler monkey (D:5)
  A crimson imp (D:5)
  A centaur skeleton (D:5)
  An orc wizard (D:6)
  An iguana (D:6)
  Ijyb (D:4)
  Natasha (twice) (D:4)
  A worker ant (D:4)
  6 adders
  2 worms
  A dart slug (D:4)
  4 leopard geckos
  10 orcs
  9 giant cockroaches
  7 goblins
  6 hobgoblins
  6 jackals
  8 kobolds
  4 quokkas
  2 ball pythons
  9 bats
  10 frilled lizards
  3 hobgoblin zombies (D:5)
  A leopard gecko skeleton (D:4)
  2 orc skeletons (D:5)
  2 orc zombies (D:5)
  2 quokka skeletons
  4 rats
113 creatures vanquished.

Notes
Turn   | Place    | Note
-------+----------+-------------------------------------------
     0 | D:1      | Error4North the Hill Orc Fighter began the quest for the
                  | Orb.
     0 | D:1      | Reached XP level 1. HP: 19/19 MP: 1/1
   348 | D:1      | Reached XP level 2. HP: 27/27 MP: 2/2
   757 | D:2      | Reached XP level 3. HP: 28/33 MP: 3/3
   813 | D:2      | Reached skill level 3 in Axes
  1012 | D:2      | Reached XP level 4. HP: 19/40 MP: 4/4
  1301 | D:2      | Found a sacrificial altar of Ru.
  1301 | D:2      | Found a glowing golden altar of the Shining One.
  1310 | D:2      | Found a burning altar of Makhleb.
  1310 | D:2      | Found a basalt altar of Yredelemnul.
  1378 | D:2      | Found a shadowy altar of Dithmenos.
  1457 | D:3      | Found a radiant altar of Vehumet.
  1470 | D:3      | Reached skill level 4 in Axes
  1470 | D:3      | Reached XP level 5. HP: 47/47 MP: 5/5
  1540 | D:3      | Upgraded the game from 0.26-a0-110-g95b6527cb0 to
                  | 0.26-a0-112-g824cf5ae89
  2244 | D:4      | Noticed an ogre
  2249 | D:4      | Killed an ogre
  2249 | D:4      | Reached XP level 6. HP: 53/53 MP: 6/6
  2395 | D:4      | Noticed Ijyb
  2399 | D:4      | Paralysed by Ijyb for 6 turns
  2409 | D:4      | Paralysed by Ijyb for 2 turns
  2436 | D:4      | Killed Ijyb
  2436 | D:4      | Reached skill level 5 in Armour
  2457 | D:4      | Noticed Natasha
  2465 | D:4      | Killed Natasha
  2669 | D:4      | Found a hazy altar of Hepliaklqana.
  2758 | D:4      | Noticed Natasha
  2767 | D:4      | Killed Natasha
  2767 | D:4      | Reached skill level 5 in Fighting
  2832 | D:5      | Entered Level 5 of the Dungeon
  2842 | D:5      | Reached skill level 5 in Axes
  2919 | D:5      | Found Goruly's Magic Scroll Boutique.
  2945 | D:5      | Found a glowing golden altar of the Shining One.
  3246 | D:5      | Reached skill level 5 in Shields
  3246 | D:5      | Reached XP level 7. HP: 54/61 MP: 7/7
  3263 | D:5      | Reached skill level 6 in Axes
  3403 | D:5      | Found Xuupt's Antique Weapon Emporium.
  3657 | D:6      | Found a bloodstained altar of Trog.
  3940 | D:6      | Reached skill level 7 in Axes
  3940 | D:6      | Reached XP level 8. HP: 69/69 MP: 8/8
  4038 | D:6      | Mangled by an orc warrior

Illustrated notes

Levels and vault maps discovered:
D:1:      noname_arrival_rooms_in_the_neighbourhood, layout_basic
D:2:      layout_rooms, grunt_temple_overflow_open,
          nicolae_dithmenos_shadow_blocks
D:3:      layout_loops_ring, vehumet_crystals, first_ration, serial_park_tiny_2,
          grunt_decor_cap
D:4:      layout_loops_cross, kennysheep_mini_moat, uniq_ijyb, uniq_natasha
D:5:      layout_loops_cross, serial_shops, shop, shop_scrolls,
          nicolae_tso_besieged_by_evil
D:6:      layout_basic, lightli_temple_of_fire,
          minmay_temple_entry_antechambers, minmay_fractal_squares_5,
          uniq_eustachio, uniq_maggie

Skill      XL: |  1  2  3  4  5  6  7 |
---------------+----------------------+-----
Fighting       | 4 5 |  5.5
Axes           | 3 4 5 7 |  7.2
Armour         | 4 5 |  5.5
Shields        | 4 5 |  5.9
Dodging        | |  0.8

Action                   |  1- 3 |  4- 6 |  7- 9 || total
-------------------------+-------+-------+-------++-------
Melee: War axe           |   106 |   275 |    37 ||   418
       Battleaxe         |       |       |    18 ||    18
  Use: Scroll            |       |     1 |       ||     1
       Potion            |       |       |     1 ||     1
  Eat: Chunk             |       |     8 |     3 ||    11
Armor: Scale mail        |    60 |    25 |       ||    85
       Chain mail        |       |    94 |    16 ||   110
       Plate armour      |       |       |    10 ||    10
Dodge: Dodged            |    44 |    40 |    13 ||    97
Block: Kite shield       |    59 |   205 |    34 ||   298
       Other             |       |       |     7 ||     7
       Reflection        |       |       |     2 ||     2

Table legend:
 A = Non-vault XP
 B = Vault XP
 C = Vault XP percentage of total XP
 D = Non-vault monster count
 E = Vault monster count
 F = Vault count percentage of total count
                 A         B        C        D         E       F
            +---------+---------+-------+---------+---------+-------
      Total |    1109 |     167 |  13.1 |     102 |      11 |   9.7
            +---------+---------+-------+---------+---------+-------
        D:1 |      22 |       0 |   0.0 |      15 |       0 |   0.0
        D:2 |      85 |       0 |   0.0 |      31 |       0 |   0.0
        D:3 |      92 |       0 |   0.0 |      12 |       0 |   0.0
        D:4 |     215 |      71 |  24.8 |      16 |       2 |  11.1
        D:5 |     233 |      57 |  19.7 |      15 |       8 |  34.8
        D:6 |     462 |      39 |   7.8 |      13 |       1 |   7.1
            +---------+---------+-------+---------+---------+-------
